 Dungeon Crawl Stone Soup version 0.26-a0-642-g67e99244d3 (webtiles) character file.

Game seed: 10962330160819521715

(classic levelgen) 58578 EnegeticOcto the Severer (level 14, -6/121 HPs)
             Began as a Demigod Delver on Sept 23, 2020.
             Mangled by a cane toad (15 damage)
             ... on level 5 of the Lair of Beasts.
             The game lasted 00:35:30 (25477 turns).

EnegeticOcto the Severer (Demigod Delver)          Turns: 25477, Time: 00:35:31

Health: -6/121     AC: 31    Str: 25    XL:     14   Next: 15%
Magic:  17/17      EV: 12    Int: 11    God:
Gold:   1349       SH:  0    Dex: 25    Spells: 10/13 levels left

rFire    . . .     SeeInvis +   K - +5 broad axe
rCold    . . .     Faith    .   Y - +2 buckler
rNeg     . . .     Spirit   .   a - +0 plate armour
rPois    .         Reflect  .   m - +2 helmet {SInv}
rElec    .         Harm     .   R - +2 cloak
rCorr    .         Rampage  .   w - +2 pair of gloves
MR       +++..     Rnd*Rage +   z - +4 pair of boots of Catatonia {Dex+4}
Stlth    ..........             l - necklace of Bloodlust {*Rage +Rage MR++ Int-3 Slay+6 *Curse}
HPRegen  0.30/turn              A - +6 ring of strength
MPRegen  0.15/turn              D - +4 ring of protection

@: lethally poisoned (-6 -> -11), about to teleport, sleeping, berserk cooldown,
slowed
A: high mp 1
a: Evoke Berserk Rage


You were on level 5 of the Lair of Beasts.
You visited 3 branches of the dungeon, and saw 20 of its levels.

You collected 2433 gold pieces.
You spent 1084 gold pieces at shops.

Inventory:

Hand Weapons
 j - a +2 war axe of flaming
 K - a +5 broad axe (weapon)
Missiles
 u - 11 silver boomerangs
 B - 37 boomerangs (quivered)
 F - 34 poisoned darts
 H - 7 curare-tipped darts
 L - 3 datura-tipped darts
 M - 5 javelins
Armour
 a - a +0 plate armour (worn)
 m - a +2 helmet of see invisible (worn)
 w - a +2 pair of gloves (worn)
 z - the +4 pair of boots of Catatonia (worn) {Dex+4}
   (You found it on level 11 of the Dungeon)

   It affects your dexterity (+4).
 R - a +2 cloak (worn)
 Y - a +2 buckler (worn)
Jewellery
 l - the necklace of Bloodlust (around neck) {*Rage +Rage MR++ Int-3 Slay+6 *Curse}
   (You found it on level 1 of the Orcish Mines)

   [amulet of nothing]

   It affects your intelligence (-3).
   It affects your accuracy and damage with ranged weapons and melee attacks
   (+6).
   It affects your resistance to hostile enchantments.
   It lets you go berserk.
   It may make you go berserk in combat.
   It curses itself when equipped.
 p - an uncursed ring of wizardry
 A - a +6 ring of strength (left hand)
 D - a +4 ring of protection (right hand)
 E - an uncursed amulet of reflection
Wands
 g - a wand of digging (3) {@v3}
 n - a wand of random effects (10)
 s - a wand of flame (63) {@v4}
 X - a wand of polymorph (18)
Scrolls
 c - 7 scrolls of fog {!r}
 d - 4 scrolls of fear {!r}
 e - 4 scrolls of teleportation {@r3 !r}
 h - 12 scrolls of remove curse {@r2}
 i - 6 scrolls of magic mapping {@r5 !r}
 r - 4 scrolls of immolation
 v - a scroll of noise
 x - 3 scrolls of blinking {@r4}
 G - 4 scrolls of amnesia
 N - a scroll of torment
 T - a scroll of summoning
Potions
 b - a potion of cancellation
 f - 5 potions of haste {@q4 !q}
 k - 7 potions of curing {@q1 !q}
 o - a potion of ambrosia
 q - 3 potions of flight
 t - 2 potions of lignification {@q6}
 I - 2 potions of mutation
 J - 2 potions of resistance
 P - a potion of heal wounds {@q2 !q}
 Q - 2 potions of might {@q3 !q}
 W - a potion of magic
Miscellaneous
 V - a box of beasts (2/3)
 Z - a phial of floods


   Skills:
 - Level 10.0 Fighting
   Level 1.7 Short Blades
 * Level 15.6 Axes
 - Level 12.7 Throwing
 + Level 6.0 Armour
 + Level 6.4 Dodging
 - Level 4.5 Stealth
 - Level 4.0 Shields
 - Level 5.0 Evocations


You had 10 spell levels left.
You knew the following spells:

 Your Spells              Type           Power        Failure   Level
a - Apportation           Tloc           #.....       99%         1
Y - Blink                 Tloc           N/A          100%        2

Your spell library contained the following spells:

 Spells                   Type           Power        Failure   Level
 Animate Skeleton         Necr           #.....       99%         1
 Corona                   Hex            #......      99%         1
 Magic Dart               Conj           #...         99%         1
 Summon Small Mammal      Summ           #...         99%         1
 Call Imp                 Summ           #.......     100%        2
 Slow                     Hex            #.......     100%        2
 Confusing Touch          Hex            #.......     100%        3
 Conjure Flame            Conj/Fire      #.......     100%        3
 Gell's Gravitas          Tloc           #.........   100%        3
 Mephitic Cloud           Conj/Pois/Air  #.......     100%        3
 Petrify                  Tmut/Erth      #.......     100%        4
 Metabolic Englaciation   Hex/Ice        #.........   100%        5
 Yara's Violent Unravell  Hex/Tmut       #.........   100%        5


Dungeon Overview and Level Annotations

Branches:
Dungeon (12/15)            Temple (0/1) D:5            Lair (6/6) D:10
  Swamp (0/4) Lair:4       Spider (0/4) Lair:4        Slime (0/5) Lair:5
    Orc (2/2) D:10
    Elf: Orc:2

Shops:
D:7 (   Orc:2 ![*?

Annotations:
Lair:2 exclusion: 3 oklob plants


Innate Abilities, Weirdness & Mutations

You have an increased reservoir of magic. (+10% MP)


Message History

The polar bear is almost dead.
You hit the crocodile. The polar bear misses you.
The polar bear closely misses you.
The polar bear claws you but does no damage.
You barely miss the polar bear.
The polar bear is almost dead.
You barely miss the crocodile. The polar bear bites you!!
The polar bear barely misses you. The polar bear closely misses you.
You block the crocodile's attack. The polar bear bites you!!
The polar bear claws you but does no damage. x2
You carve the polar bear like a ham!!!
You kill the polar bear!
Your Armour skill increases to level 6!
You slash the crocodile!
A nearby plant withers and dies.
A cane toad comes into view.
The crocodile completely misses you.
You closely miss the crocodile.
The crocodile is almost dead.
The crocodile bites you!
You are too injured to fight recklessly!
There are monsters nearby!
There are monsters nearby!
You are too injured to fight recklessly!
You are too injured to fight recklessly!
You are too injured to fight recklessly!
You are too injured to fight recklessly!
You are too injured to fight recklessly!
You are too injured to fight recklessly!
You are too injured to fight recklessly!
You are too injured to fight recklessly!
You are too injured to fight recklessly!
You are too injured to fight recklessly!
A red film seems to cover your vision as you go berserk!
You feel yourself moving faster!
You feel mighty!
You carve the crocodile like a ham!!!
You kill the crocodile!
You feel a strong urge to attack something.
A dream sheep comes into view. x2
You feel your anger nearly subside.
The dream sheep bleats!
You hear a bleat!
You slash the cane toad!
The cane toad is moderately wounded. 2 dream sheep come into view.
The dream sheep bleats! x2
A dream sheep comes into view.
You feel a strong urge to attack something.
You are no longer berserk.
You are exhausted.
You feel yourself slow down.
A water moccasin comes into view.
The dream sheep bites you but does no damage.
The dream sheep ruffle their wool and motes of dream dust sparkle, to no effect.
The water moccasin hisses angrily.
The dream sheep barely misses you. The dream sheep bites you.
The dream sheep shake their wool and sparkle.
You feel drowsy...
You fall asleep.
The cane toad barely misses you.
The dream sheep bites you but does no damage.
The dream sheep closely misses you. The cane toad stings you!!
You wake up.
You are poisoned.
The cane toad poisons you! The dream sheep barely misses you.
The dream sheep bites you but does no damage.
There is a stone staircase leading up, spattered with blood here.
You feel very sick. The cane toad stings you.
* * * LOW HITPOINT WARNING * * *
The dream sheep bites you but does no damage.
The dream sheep closely misses you. The dream sheep bites you!
* * * LOW HITPOINT WARNING * * *
The cane toad misses you. You block the dream sheep's attack.
You climb upwards.
You feel very sick.
There is a stone staircase leading down here.
Really read
d - 5 scrolls of fear {!r}?
As you read the scroll of fear {!r}, it crumbles to dust.
You assume a fearsome visage.
The dream sheep looks frightened!
The dream sheep panics and turns to flee.
The dream sheep looks frightened!
The dream sheep bleats in terror.
The dream sheep looks frightened!
A frightened dream sheep leaps away.
The cane toad looks frightened!
You feel sick.
Really read
e - 5 scrolls of teleportation {@r3 !r}?
As you read the scroll of teleportation {@r3 !r}, it crumbles to dust.
You feel strangely unstable.
You feel sick.
Cornered, the cane toad turns to fight!
You feel sick.
The cane toad stings you but does no damage.
You slice the cane toad!!
The cane toad is severely wounded.
You feel sick.
The dream sheep seems to regain its courage.
The cane toad stings you!
* * * LOW HITPOINT WARNING * * *
Cornered, the dream sheep turns to fight!
The dream sheep shake their wool and sparkle.
You feel drowsy...
You fall asleep.
The cane toad stings you!
You die...

...#.# ######.##....#....#
....####....###.#..P.....#
...###.#....#####.P......###
P....##....Y...####Y#...##.#
.....#.P.........##.##.....##
.....................#......#
....P.....##.........##P....##
.........######......##......#
..###.#### #..@....P.....###
.P# ### ##.F..#........# .P#
##.P..#P.###### ### #.#.Y##.#
#########


You could see a cane toad and 3 dream sheep.

Vanquished Creatures
  Rupert (Lair:5)
  2 stone giants
  2 hydras
  A centaur warrior (D:9)
  8 death yaks
  6 two-headed ogres
  3 orc high priests (Orc:2)
  An unseen horror (D:11)
  A deep elf archer (D:9)
  An obsidian statue (D:11)
  3 orc sorcerers
  An orc knight (D:10)
  2 deep elf magi (D:12)
  A manticore (D:11)
  2 ugly things
  Joseph (D:8)
  A centaur zombie (D:12)
  4 cyclopes
  A black mamba (Lair:4)
  7 cane toads
  2 centaur skeletons (D:11)
  A rime drake (Lair:5)
  4 komodo dragons
  A tengu conjurer (D:9)
  4 trolls
  3 tyrant leeches (Lair:4)
  7 polar bears
  2 hornets (Lair:4)
  2 slime creatures (Lair:5)
  7 hippogriffs
  A shadow (D:12)
  A redback (Lair:4)
  39 yaks
  4 wraiths
  3 basilisks
  4 wyverns
  A steam dragon (shapeshifter) (D:9)
  10 water moccasins
  A swamp worm (Lair:4)
  2 soldier ants
  A warg (Orc:1)
  Edmund (D:4)
  Duvessa (D:4)
  9 porcupines
  A sky beast (D:8)
  2 phantoms (D:7)
  3 necrophages
  21 orc warriors
  2 eyes of draining
  2 black bears
  5 ice beasts
  15 ogres
  A hornet zombie (D:10)
  17 wolves (Lair:1)
  11 centaurs
  10 crocodiles
  3 big kobolds
  Blork the orc (D:4)
  19 bullfrogs
  2 wyvern zombies
  A wyvern skeleton (D:11)
  2 scorpions
  Dowan (D:4)
  19 killer bees
  19 wights
  6 howler monkeys
  2 bullfrog zombies
  4 jellies
  2 hounds
  34 orc wizards
  38 orc priests
  A gnoll shaman (D:8)
  4 bullfrog skeletons
  5 iguanas
  10 worker ants
  A hound skeleton (D:4)
  2 mummies (D:10)
  4 worker ant zombies
  3 gnolls (D:8)
  26 adders
  2 shadow imps
  3 white imps
  2 ufetubi
  An ooze (D:2)
  An adder skeleton (D:9)
  An adder simulacrum (D:9)
  5 leopard geckos
  68 orcs
  4 bats
  4 giant cockroaches
  3 goblins
  11 hobgoblins
  28 jackals
  24 kobolds
  4 quokkas
  2 ball pythons
  3 frilled lizards
  2 jackal zombies (D:7)
  A quokka skeleton (D:7)
  4 rats
632 creatures vanquished.

Vanquished Creatures (collateral kills)
  The ghost of SnubMonkey the Severer, a journeyman HOFi of Makhleb (Orc:1)
  An ugly thing (D:11)
  A killer bee (D:11)
  An orc wizard (Orc:2)
  An orc (Orc:2)
5 creatures vanquished.

Vanquished Creatures (others)
  4 bushes (Lair:5)
  63 fungi
  123 plants
  5 withered plants (D:8)
195 creatures vanquished.

Grand Total: 832 creatures vanquished

Notes
Turn   | Place    | Note
-------+----------+-------------------------------------------
     0 | D:5      | EnegeticOcto the Demigod Delver began the quest for the
                  | Orb.
     0 | D:5      | Reached XP level 1. HP: 18/18 MP: 3/3
    32 | D:4      | Noticed a worker ant
    39 | D:4      | Noticed Edmund
   237 | D:1      | Reached skill level 3 in Fighting
   297 | D:1      | Reached XP level 2. HP: 26/26 MP: 4/4
   842 | D:2      | You fall into a shaft and drop 1 floor!
  1064 | D:2      | Reached XP level 3. HP: 25/33 MP: 5/5
  1095 | D:2      | Reached skill level 1 in Axes
  1355 | D:2      | Reached skill level 4 in Fighting
  1933 | D:2      | Reached XP level 4. HP: 29/40 MP: 6/6
  2099 | D:2      | Reached skill level 2 in Axes
  2904 | D:3      | Learned a level 2 spell: Blink
  2995 | D:3      | Found a sacrificial altar of Ru.
  3766 | D:3      | Reached XP level 5. HP: 47/47 MP: 7/7
  3770 | D:3      | Noticed a phantom
  4035 | D:3      | Reached skill level 3 in Axes
  4285 | D:4      | Killed Edmund
  4285 | D:4      | Reached skill level 4 in Axes
  4285 | D:4      | Reached XP level 6. HP: 32/55 MP: 8/8
  4573 | D:4      | Reached skill level 5 in Fighting
  5048 | D:4      | Noticed Duvessa
  5048 | D:4      | Noticed Dowan
  5083 | D:4      | Killed Dowan
  5084 | D:4      | Killed Duvessa
  5084 | D:4      | Reached skill level 5 in Axes
  5374 | D:4      | Noticed Blork the orc
  5389 | D:4      | Killed Blork the orc
  5389 | D:4      | Reached XP level 7. HP: 46/61 MP: 9/9
  5921 | D:5      | Reached skill level 6 in Axes
  6196 | D:5      | Reached skill level 6 in Fighting
  6346 | D:5      | Found a staircase to the Ecumenical Temple.
  6945 | D:6      | Reached skill level 1 in Throwing
  6945 | D:6      | Reached XP level 8. HP: 70/70 MP: 10/10
  6985 | D:6      | Reached skill level 7 in Axes
  7146 | D:6      | Reached skill level 2 in Throwing
  7246 | D:6      | Reached skill level 3 in Throwing
  7695 | D:7      | Reached skill level 8 in Axes
  7695 | D:7      | Reached skill level 4 in Throwing
  7742 | D:7      | Found Xisu's Antique Weapon Shoppe.
  7749 | D:7      | Reached skill level 7 in Fighting
  7788 | D:7      | Noticed a hippogriff
  7804 | D:7      | Killed a hippogriff
  7804 | D:7      | Reached XP level 9. HP: 59/79 MP: 11/11
  7913 | D:7      | Reached skill level 5 in Throwing
  8448 | D:8      | Noticed Joseph
  8637 | D:8      | Got a crystal trident
  8638 | D:8      | Identified the +9 trident of Taxation {freeze, *Slow rPois
                  | rN+ Str+2} (You found it on level 8 of the Dungeon)
  8653 | D:8      | Reached skill level 9 in Axes
  8688 | D:8      | Reached skill level 6 in Throwing
  9324 | D:8      | Killed Joseph
  9324 | D:8      | Reached skill level 8 in Fighting
  9324 | D:8      | Reached skill level 7 in Throwing
  9333 | D:8      | Reached skill level 10 in Axes
  9737 | D:8      | Found an ancient bone altar of Kikubaaqudgha.
  9844 | D:9      | Noticed a centaur warrior
  9849 | D:9      | Killed a centaur warrior
  9849 | D:9      | Reached XP level 10. HP: 74/89 MP: 13/13
 10133 | D:9      | Reached skill level 8 in Throwing
 10481 | D:9      | Noticed a stone giant
 10511 | D:9      | Killed a stone giant
 10668 | D:9      | Noticed a deep elf archer
 10672 | D:9      | Reached skill level 11 in Axes
 10682 | D:9      | Killed a deep elf archer
 10682 | D:9      | Reached skill level 9 in Throwing
 10804 | D:9      | Found a bloodstained altar of Trog.
 10869 | D:9      | Noticed a purple ugly thing
 10878 | D:9      | Killed a purple ugly thing
 10878 | D:9      | Reached skill level 9 in Fighting
 11472 | D:10     | Entered Level 10 of the Dungeon
 11518 | D:10     | Noticed a cyclops
 11536 | D:10     | Killed a cyclops
 11664 | D:10     | Reached XP level 11. HP: 97/97 MP: 14/14
 11700 | D:10     | Found a staircase to the Lair.
 11787 | D:10     | Found a staircase to the Orcish Mines.
 12472 | D:10     | Reached skill level 10 in Throwing
 12688 | D:10     | Found a roughly hewn altar of Beogh.
 12823 | Lair:1   | Entered Level 1 of the Lair of Beasts
 12872 | Lair:1   | Reached skill level 12 in Axes
 13459 | Lair:1   | Noticed an eight-headed hydra
 13473 | Lair:1   | Killed an eight-headed hydra
 13829 | Lair:1   | Reached skill level 10 in Fighting
 14124 | Lair:1   | Reached skill level 11 in Throwing
 15016 | Lair:2   | Reached skill level 13 in Axes
 15183 | Lair:2   | Noticed a four-headed hydra
 15193 | Lair:2   | Killed a four-headed hydra
 15398 | Lair:2   | Reached XP level 12. HP: 101/106 MP: 15/15
 15982 | Lair:3   | Reached skill level 12 in Throwing
 16650 | Lair:3   | Reached skill level 2 in Dodging
 16750 | Lair:3   | Reached skill level 1 in Armour
 16750 | Lair:3   | Reached skill level 1 in Evocations
 17063 | Lair:4   | Found a staircase to the Swamp.
 17097 | Lair:4   | Reached skill level 2 in Evocations
 17353 | Lair:4   | Reached skill level 14 in Axes
 17353 | Lair:4   | Reached skill level 2 in Armour
 17652 | Lair:4   | Reached skill level 3 in Dodging
 17881 | Lair:4   | Found a hole to the Spider Nest.
 17984 | Lair:4   | Identified a scroll of acquirement
 17985 | Lair:4   | Acquired 360 gold pieces
 18521 | Lair:5   | Noticed Rupert
 19082 | D:11     | Reached skill level 3 in Evocations
 19100 | D:11     | Reached skill level 3 in Armour
 19677 | D:11     | Learned a level 1 spell: Apportation
 19749 | D:11     | Reached skill level 4 in Dodging
 19769 | D:11     | Got a pair of faintly humming boots
 19877 | D:11     | Identified the +4 pair of boots of Catatonia {Dex+4} (You
                  | found it on level 11 of the Dungeon)
 20114 | D:11     | Reached XP level 13. HP: 112/113 MP: 16/16
 20172 | D:12     | Reached skill level 1 in Shields
 20247 | D:12     | Noticed a stone giant
 20265 | D:12     | Killed a stone giant
 20336 | D:12     | Reached skill level 4 in Evocations
 20413 | D:12     | Reached skill level 4 in Armour
 20498 | D:12     | Reached skill level 2 in Shields
 20872 | D:12     | Reached skill level 5 in Dodging
 21358 | D:12     | Found an opulent altar of Gozag.
 21519 | Orc:1    | Entered Level 1 of the Orcish Mines
 21678 | Orc:1    | Reached skill level 15 in Axes
 21775 | Orc:1    | Reached skill level 3 in Shields
 21903 | Orc:1    | You fall into a shaft and drop 1 floor!
 21903 | Orc:2    | Entered Level 2 of the Orcish Mines
 23226 | Orc:1    | Found a runed translucent gate.
 23226 | Orc:1    | Found a runed translucent gate.
 23226 | Orc:1    | Found a runed translucent gate.
 23227 | Orc:1    | Found the cursed necklace of Bloodlust {*Rage +Rage MR++
                  | Int-3 Slay+6 *Curse}
 23227 | Orc:1    | Noticed SnubMonkey's ghost (journeyman HOFi)
 23523 | Orc:1    | Killed SnubMonkey's ghost
 23523 | Orc:1    | Reached skill level 5 in Armour
 23523 | Orc:1    | Reached skill level 5 in Evocations
 23918 | Orc:2    | Found a roughly hewn altar of Beogh.
 24297 | Orc:2    | Found Imualeti's Distillery.
 24297 | Orc:2    | Found Tuwkawuz's Antique Armour Shoppe.
 24298 | Orc:2    | Found Raenk's Magic Scroll Emporium.
 24301 | Orc:2    | Found Juad's Assorted Antiques.
 24306 | Orc:2    | Bought a scroll of fear for 49 gold pieces
 24306 | Orc:2    | Bought a scroll of fog for 28 gold pieces
 24306 | Orc:2    | Bought a scroll of summoning for 133 gold pieces
 24307 | Orc:2    | Bought a scroll labeled WYORIY SIZUI for 31 gold pieces
 24307 | Orc:2    | Bought a scroll of teleportation for 93 gold pieces
 24309 | Orc:2    | Bought a potion of haste for 150 gold pieces
 24309 | Orc:2    | Bought a potion of might for 60 gold pieces
 24310 | Orc:2    | Bought a glowing cloak for 180 gold pieces
 24329 | Orc:2    | Bought a glowing helmet for 180 gold pieces
 24348 | Orc:2    | Bought a runed helmet for 180 gold pieces
 24844 | Lair:5   | Found a staircase to the Slime Pits.
 24859 | Lair:5   | Reached skill level 4 in Shields
 24860 | Lair:5   | Killed Rupert
 24860 | Lair:5   | Reached skill level 6 in Dodging
 24860 | Lair:5   | Reached XP level 14. HP: 121/121 MP: 17/17
 25445 | Lair:6   | Entered Level 6 of the Lair of Beasts
 25459 | Lair:6   | Reached skill level 6 in Armour
 25477 | Lair:5   | Mangled by a cane toad

Illustrated notes

Levels and vault maps discovered:
D:1:      scummos_arrival_simple_fountains, layout_rooms
D:2:      layout_basic, minmay_strange_pillars
D:3:      layout_basic, nicolae_ru_sacrificial_ziggurat
D:4:      mumra_celtic_spiral_tile, layout_gridville, dk_noncrumbling_2,
          uniq_duvessa, uniq_blork_the_orc, uniq_edmund
D:5:      layout_gridville, minmay_temple_entry_mist, minmay_manual_mares
D:6:      layout_rooms, minmay_bent
D:7:      layout_rooms, serial_curves, eino_curves_03, eino_curves_03,
          eino_curves_02, serial_shops, shop_fountains, serial_bayou_lagoon_a,
          grunt_decor_mini_mirrors
D:8:      layout_rooms, kiku_gazebo_garden_becter, uniq_joseph
D:9:      minmay_chopped_fan, layout_basic, corner_web_ring,
          kennysheep_nondescript, trog_book
D:10:     layout_roguey, grunt_lair_entry_orc_guard_hut,
          minmay_orc_entry_temple_small, serial_undead, serial_undead_d,
          serial_undead_a, serial_undead_a, serial_undead_a
D:11:     minmay_cornered_nines, layout_basic, minmay_statue_bubble
D:12:     cheibrodos_monumental, layout_loops_cross, grunt_gozag_breadcrumbs
Lair:1:   layout_chaotic_city, grunt_megastairs_5
Lair:2:   beast_lair_carwin_large_2, layout_gridlike, grunt_megastairs_3,
          minmay_lair_oklob_chamber, lemuel_fruit_fields,
          infiniplex_staircase_pool
Lair:3:   layout_chaotic_city
Lair:4:   minmay_lair_venomous_thicket, layout_loops_ring,
          minmay_swamp_entry_worms, spider_nest_entry_webs, serial_bayou_pond_d
Lair:5:   layout_misc_corridors, minmay_slime_entry_pillars, lemuel_fruit_tree,
          uniq_rupert
Lair:6:   gammafunk_lair_ancient_temple, layout_gridlike, uniq_kirke
Orc:1:    layout_caves, ebering_ghost_rock_garden
Orc:2:    st_orc_mages, layout_caves, portal_ice_cave_entry_animals_and_master,
          mines1_david

Skill      XL: |  1  2  3  4  5  6  7  8  9 10 11 12 13 14 |
---------------+-------------------------------------------+-----
Fighting       | 3 4 5 6 7 8 9 10 | 10.0
Axes           | 1 2 4 5 6 8 10 11 13 14 15 | 15.6
Throwing       | 1 4 7 9 11 12 | 12.7
Dodging        | 4 6 |  6.4
Armour         | 3 5 6 |  6.0
Evocations     | 3 5 |  5.0
Shields        | 4 |  4.0
Short Blades   | |  1.7
Stealth        | |  4.5

Action                   |  1- 3 |  4- 6 |  7- 9 | 10-12 | 13-15 || total
-------------------------+-------+-------+-------+-------+-------++-------
Melee: Short sword       |   131 |       |       |       |       ||   131
       Hand axe          |    16 |    51 |       |       |       ||    67
       War axe           |       |    87 |   295 |    77 |       ||   459
       Flail             |       |       |     2 |       |       ||     2
       Battleaxe         |       |       |    41 |   639 |       ||   680
       Broad axe         |       |       |       |    23 |   537 ||   560
Throw: Boomerang         |       |     2 |    10 |    74 |     8 ||    94
       Dart              |       |       |     5 |       |       ||     5
 Cast: Apportation       |       |       |       |     2 |       ||     2
Evoke: Box of beasts     |       |       |       |     3 |     3 ||     6
  Use: Scroll            |     3 |     2 |    13 |    22 |     9 ||    49
       Potion            |     2 |       |     1 |     3 |     2 ||     8
 Stab: Sleeping          |    11 |     8 |     2 |       |       ||    21
       Distracted        |       |       |       |       |     2 ||     2
Armor: Leather armour    |    24 |       |       |       |       ||    24
       Ring mail         |    15 |    56 |    27 |       |       ||    98
       Chain mail        |       |       |   119 |       |       ||   119
       Plate armour      |       |       |   144 |   504 |   203 ||   851
Dodge: Dodged            |    89 |    80 |   119 |   230 |   138 ||   656
Block: Other             |       |       |    82 |   138 |       ||   220
       Reflection        |       |       |     4 |     1 |    10 ||    15
       Buckler           |       |       |       |     9 |   207 ||   216

Table legend: (Time is in decaauts)
 A = Elapsed time spent in this place.
 B = Non-inter-level travel time spent in this place.
 C = Inter-level travel time spent in this place.
 D = Time resting spent in this place.
 E = Time spent auto-exploring this place.
 F = Levels seen in this place.
 G = Mean time per level.
                   A        B        C        D        E       F      G
               +--------+--------+--------+--------+--------+-----+--------+
         Total |  25619 |  24280 |   1339 |   1206 |  18511 |  20 | 1280.9 |
       Dungeon |  16194 |  15276 |    918 |    930 |  11335 |  12 | 1349.5 |
          Lair |   6437 |   6137 |    300 |     89 |   5117 |   6 | 1072.8 |
  Orcish Mines |   2987 |   2867 |    120 |    186 |   2058 |   2 | 1493.5 |
               +--------+--------+--------+--------+--------+-----+--------+

Top non-repeatable levels by time:
     D:9: 1961 daAuts
  Lair:1: 1895 daAuts
   Orc:2: 1865 daAuts
     D:3: 1844 daAuts
     D:2: 1817 daAuts
  Lair:4: 1710 daAuts
     D:4: 1534 daAuts
    D:11: 1508 daAuts
    D:10: 1490 daAuts
    D:12: 1320 daAuts
     D:5: 1193 daAuts
     D:7: 1145 daAuts
   Orc:1: 1122 daAuts
     D:8: 1047 daAuts
  Lair:2: 1043 daAuts
